 Dungeon Crawl Stone Soup version 0.29.0-13-gc9e81de378 (webtiles) character file.

Game seed: 11907553783325914149

20 sentinel the Digger (level 3, 0/26 HPs)
             Began as a Meteoran Earth Elementalist on Sept 10, 2022.
             Slain by a hound (5 damage)
             ... on level 4 of the Dungeon.
             The game lasted 00:01:09 (197 turns).

sentinel the Digger (Meteoran Earth Elementalist)    Turns: 197, Time: 00:01:10

Health: 0/26       AC:  2    Str: 10    XL:     3   Next: 14%
Magic:  0/8        EV: 12    Int: 18    God:
Gold:   0          SH:  0    Dex: 14    Spells: 1/7 levels left

rFire   . . .      SeeInvis .   (no weapon)
rCold   . . .      Faith    .   (no shield)
rNeg    . . .      Spirit   .   a - +0 robe
rPois   .          Reflect  .   (no helmet)
rElec   .          Harm     .   (no cloak)
rCorr   .          Rampage  .   (no gloves)
Will    .....                   (no boots)
Stlth   +.........              (no amulet)
HPRegen 0.08/turn               (no ring)
MPRegen 0.11/turn               (no ring)

@: glowing
A: sense surroundings 1, otherworldly, glowing, explore regen
a: no special abilities


You were on level 4 of the Dungeon.
You visited 1 branch of the dungeon, and saw 4 of its levels.

Inventory:

Hand Weapons
 c - a +1 short sword of venom
Armour
 a - a +0 robe (worn)
Scrolls
 e - 2 scrolls of identify {unknown}
Potions
 b - a potion of magic
 d - a potion of curing {unknown}


   Skills:
 - Level 2.4 Dodging
 - Level 1.4 Stealth
 + Level 2.7 Spellcasting
 * Level 0.2 Conjurations
 - Level 1.2 Transmutations
 + Level 4.7 Earth Magic


You had one spell level left.
You knew the following spells:

 Your Spells              Type           Power      Damage    Failure   Level
a - Sandblast             Erth           38%        2d10      2%          1
b - Stone Arrow           Conj/Erth      22%        3d8       19%         3
c - Passwall              Tmut/Erth      10%        N/A       8%          2

Your spell library contained the following spells:

 Spells                   Type           Power      Damage    Failure   Level
 Petrify                  Tmut/Erth      13%        N/A       43%         4


Dungeon Overview and Level Annotations

Branches:
Dungeon (4/15) Zot: 2190
 Temple: D:4-7

Altars:


Innate Abilities, Weirdness & Mutations

You passively map a small area around you.
You are easily found by Zot.
You glow in the dark.
You regain HP and MP as you explore.


Message History

e - a scroll labelled ZOIFRE FETOSUO You open the door.
There is an open door here.
A ball python comes into view.
The ball python hisses angrily.
The ball python moves out of view.
A giant cockroach comes into view.
Found a scroll labelled ZOIFRE FETOSUO.
The blast of sand misses the ball python.
The blast of sand hits the giant cockroach.
The giant cockroach is moderately wounded.
The blast of sand hits the ball python!
You kill the ball python!
Your Earth Magic skill increases to level 4!
The blast of sand hits the giant cockroach but does no damage.
The giant cockroach is moderately wounded.
The giant cockroach bites you.
The giant cockroach bites you but does no damage.
The blast of sand hits the giant cockroach!
You kill the giant cockroach!
You have reached level 2!
e - 2 scrolls labelled ZOIFRE FETOSUO (gained 1) Magic restored.
HP restored.
Magic restored.
Found a stone staircase leading down.
Memorise Passwall, consuming 2 spell levels and leaving 3?
You start memorising the spell.
You continue memorising. x2
You finish memorising.
Spell assigned to 'c'.
There is a stone staircase leading down here.
You climb downwards.
Found a robe.
There is a stone staircase leading up here.
Found a stone staircase leading up.
There is a stone staircase leading up here.
You climb upwards.
The ball python hisses angrily.
There is a stone staircase leading down here.
The blast of sand misses the hobgoblin.
The hobgoblin closely misses you. x2
The blast of sand hits the ball python.
You kill the ball python!
The hobgoblin completely misses you.
The blast of sand hits the hobgoblin.
You kill the hobgoblin!
You can't see any susceptible monsters within range! (Use Z to cast anyway.)
You climb downwards.
There is a stone staircase leading up here.
An adder comes into view.
The adder bites you but does no damage. The adder bites you.
You are poisoned.
The adder poisons you!
The blast of sand misses the adder.
You feel sick. The adder barely misses you. The adder closely misses you.
The blast of sand misses the adder.
You feel sick. The adder barely misses you.
The blast of sand hits the adder!
The adder is almost dead.
You feel sick.
You are no longer poisoned.
The adder bites you but does no damage. x2
Casting: Sandblast (safe; 3% risk of failure)
Confirm with . or Enter, or press ? or * to list all spells.
Aiming: Sandblast (safe; 3% risk of failure)
Press: ? - help, Shift-Dir - straight line, f/p - adder
Aim: an adder (almost dead, 70% to hit)
The blast of sand misses the adder.
The adder bites you but does no damage. x2
Really attack while wielding nothing? [Y]es or [N]o only, please.
Really attack while wielding nothing? [Y]es or [N]o only, please.
Really attack while wielding nothing?
Okay, then.
Casting: Sandblast (safe; 3% risk of failure)
Confirm with . or Enter, or press ? or * to list all spells.
Aiming: Sandblast (safe; 3% risk of failure)
Press: ? - help, Shift-Dir - straight line, f/p - adder
Aim: an adder (almost dead, 70% to hit)
The blast of sand misses the adder.
The adder bites you but does no damage. The adder bites you.
Casting: Sandblast (safe; 3% risk of failure)
Confirm with . or Enter, or press ? or * to list all spells.
Aiming: Sandblast (safe; 3% risk of failure)
Press: ? - help, Shift-Dir - straight line, f/p - adder
Aim: an adder (almost dead, 70% to hit)
The blast of sand hits the adder!
You kill the adder!
You have reached level 3!
Your experience leads to an increase in your attributes!
Increase (s)trength, (i)ntelligence, or (d)exterity?
You feel clever. x2; You feel stronger.
This spell is quite dangerous to cast!
Memorise Stone Arrow, consuming 3 spell levels and leaving 1?
You start memorising the spell.
You continue memorising. x3
You finish memorising.
Spell assigned to 'b'.
An orc comes into view. It is wielding a +0 club.
Unknown command.
The orc shouts!
The blast of sand hits the orc!
You kill the orc!
You are out of magic!
An endoplasm comes into view.
Found a leather armour.
The endoplasm quivers.
A hound comes into view.
Found a stone staircase leading down.
The blast of sand misses the hound.
The hound bites you. x2
Casting: Sandblast (safe; 2% risk of failure)
Confirm with . or Enter, or press ? or * to list all spells.
Aiming: Sandblast (safe; 2% risk of failure)
Press: ? - help, Shift-Dir - straight line, f/p - hound
Aim: a hound (75% to hit)
The blast of sand hits the hound.
The hound is moderately wounded.
The hound misses you. The hound bites you. The endoplasm freezes you.
You are frozen.
The endoplasm attacks as you move away! The endoplasm misses you.
Casting: Sandblast (safe; 2% risk of failure)
Confirm with . or Enter, or press ? or * to list all spells.
Aiming: Sandblast (safe; 2% risk of failure)
Press: ? - help, Shift-Dir - straight line, f/p - hound
Aim: a hound (moderately wounded, 75% to hit)
The blast of sand hits the hound.
The hound is heavily wounded.
The hound bites you. The hound barely misses you. The hound bites you.
* * * LOW HITPOINT WARNING * * *
Casting: Sandblast (safe; 2% risk of failure)
Confirm with . or Enter, or press ? or * to list all spells.
Aiming: Sandblast (safe; 2% risk of failure)
Press: ? - help, Shift-Dir - straight line, f/p - hound
Aim: a hound (heavily wounded, 75% to hit)
The blast of sand misses the hound.
The hound bites you but does no damage. The hound bites you.
* * * LOW HITPOINT WARNING * * *
Casting: Sandblast (safe; 2% risk of failure)
Confirm with . or Enter, or press ? or * to list all spells.
Aiming: Sandblast (safe; 2% risk of failure)
Press: ? - help, Shift-Dir - straight line, f/p - hound
Aim: a hound (heavily wounded, 75% to hit)
The blast of sand misses the hound.
The hound barely misses you. The hound bites you but does no damage.
Casting: Sandblast (safe; 2% risk of failure)
Confirm with . or Enter, or press ? or * to list all spells.
Aiming: Sandblast (safe; 2% risk of failure)
Press: ? - help, Shift-Dir - straight line, f - endoplasm, p - hound
Aim: an endoplasm (98% to hit)
The blast of sand hits the hound but does no damage.
The hound is heavily wounded.
The hound bites you.
You die...

...........).#.#,#
*
..######...#.#.#.#
* <.# ##........#
### #......##
#####.### * *
#.......# *
,....###.#.# *, , ,
,
..#.##..#.#######..
, #.......#@.......
.......Jh.>...... ,
,
.........#........
,
.......#.#######..
..#.#.##.# * . , ,
* #.#. .[# # .. ..#
* , ## #.## * ** ,
#. ,


You could see a hound and an endoplasm.

Vanquished Creatures
  An adder (D:4)
  An orc (D:4)
  2 giant cockroaches
  A hobgoblin (D:3)
  A kobold (D:1)
  2 ball pythons (D:3)
  A goblin (D:2)
9 creatures vanquished.

Notes
Turn   | Place    | Note
-------+----------+-------------------------------------------
     0 | D:1      | sentinel the Meteoran Earth Elementalist began the quest
                  | for the Orb.
     0 | D:1      | Reached XP level 1. HP: 14/14 MP: 5/5
   121 | D:3      | Reached skill level 4 in Earth Magic
   123 | D:3      | Reached XP level 2. HP: 17/20 MP: 2/6
   145 | D:3      | Learned a level 2 spell: Passwall
   171 | D:4      | Reached XP level 3. HP: 17/26 MP: 0/8
   175 | D:4      | Learned a level 3 spell: Stone Arrow
   197 | D:4      | Slain by a hound

Illustrated notes

Levels and vault maps discovered:
D:1:      eino_arrival_druids_welcome, layout_loops_cross, serial_shops,
          nicolae_shop_hallway_plus, ebering_ecumenical_altar_webs
D:2:      layout_loops_ring
D:3:      layout_basic
D:4:      layout_loops_cross, biasface_ghost_orc_armoury

Skill      XL: |  1 |
---------------+----+-----
Earth Magic    | 4 |  4.7
Dodging        | |  2.4
Stealth        | |  1.4
Spellcasting   | |  2.7
Conjurations   | |  0.2
Transmutations | |  1.2

Action                   || total
-------------------------++-------
 Cast: Sandblast         ||    24
Armor: Robe              ||     9
Dodge: Dodged            ||    11
